 Dungeon Crawl Stone Soup version 0.21.0-3-g78d12a8 (webtiles) character file.

573 taran the Chiller (level 7, 0/52 HPs)
             Began as a Ghoul Ice Elementalist on Jan 13, 2018.
             Was a Follower of Hepliaklqana.
             Slain by Edmund
             ... wielding a +4 flail of crushing
              (1 damage)
             ... on level 6 of the Dungeon.
             The game lasted 00:41:00 (3782 turns).

taran the Chiller (Ghoul Ice Elementalist)          Turns: 3782, Time: 00:41:01

Health: 0/52       AC: 11    Str: 14    XL:     7   Next: 34%
Magic:  9/9        EV: 11    Int: 10    God:    Hepliaklqana [*.....]
Gold:   156        SH:  0    Dex:  9    Spells: 7/10 levels left

rFire    + . .     SeeInvis .     - Unarmed
rCold    + . .     Gourm    .   (no shield)
rNeg     + + +     Faith    .   f - +0 ring mail
rPois    ∞         Spirit   .   k - +2 helmet
rElec    .         Reflect  .   (no cloak)
rCorr    .         Harm     .   (no gloves)
MR       .....                  (no boots)
Stlth    +.........             l - amulet of magic regeneration
HPRegen  0.00/turn              i - +3 ring of protection
MPRegen  0.36/turn              D - ring of protection from fire

@: rotting
A: rotting body, reduced essence, claws 1, carnivore, cold resistance 1,
negative energy resistance 3, inhibited regeneration, torment resistance,
unbreathing
a: Recall Ancestor, Ancestor Identity, Renounce Religion


You were on level 6 of the Dungeon.
You worshipped Hepliaklqana.
Hepliaklqana was aware of your devotion.
You were not hungry.

You visited 1 branch of the dungeon, and saw 7 of its levels.

You collected 156 gold pieces.

Inventory:

Hand Weapons
 b - a +0 hunting sling
 e - a +2 dagger of venom
 x - a +0 short sword of venom
Missiles
 h - 18 bolts
 q - 148 stones (quivered)
 w - 61 sling bullets
Armour
 a - a +0 robe
 f - a +0 ring mail (worn)
 k - a +2 helmet (worn)
 C - a +0 pair of gloves
Jewellery
 i - a +3 ring of protection (left claw)
 l - an amulet of magic regeneration (around neck)
 z - a +3 ring of protection
 D - a ring of protection from fire (right claw)
Wands
 E - a wand of random effects (19)
Scrolls
 j - 4 scrolls of amnesia {unknown}
 m - a scroll of enchant weapon {unknown}
 s - 4 scrolls of immolation {unknown}
 t - 2 scrolls of remove curse {unknown}
 y - 2 scrolls of fear {unknown}
 A - a scroll of teleportation {unknown}
Potions
 d - a potion of heal wounds {unknown}
 g - a potion of cancellation
 n - a potion of curing
 o - 2 potions of berserk rage {unknown}
 r - a potion of might
 u - 3 potions of flight {unknown}
 v - a potion of ambrosia
 B - a potion of resistance
Books
 p - a book of Frost

   Spells                             Type                      Level
   a - Freeze                         Ice                          1
   b - Throw Frost                    Conjuration/Ice              2
   c - Ozocubu's Armour               Charms/Ice                   3
   d - Throw Icicle                   Conjuration/Ice              4
   e - Summon Ice Beast               Ice/Summoning                4
Comestibles
 c - 10 rations


   Skills:
 + Level 3.7 Fighting
 + Level 2.2 Armour
 - Level 1.7 Dodging
 - Level 2.1 Stealth
 - Level 5.0 Unarmed Combat
 - Level 2.0 Spellcasting
 - Level 1.0 Conjurations
 - Level 5.0 Ice Magic


You had 7 spell levels left.
You knew the following spells:

 Your Spells              Type           Power        Failure   Level  Hunger
a - Freeze                Ice            ##..         8%          1    ##.....
b - Throw Frost           Conj/Ice       #.....       26%         2    ###....


Dungeon Overview and Level Annotations

Branches:
Dungeon (7/15)
 Temple: D:4-7

Altars:
Cheibriados
Gozag
Hepliaklqana
Makhleb
Okawaru
Ru
Trog
Vehumet
Zin

Shops:
D:5 }

Annotations:
D:4 Scuka's ghost, novice BaFi
D:6 Edmund


Innate Abilities, Weirdness & Mutations

Your body is rotting away.
You thrive on raw meat.
You are immune to poison.
You have sharp fingernails.
You are carnivorous and can eat meat at any time.
Your flesh is cold resistant. (rC+)
You are immune to negative energy. (rN+++)
You do not regenerate when monsters are visible.
You are immune to unholy pain and torment.
You can survive without breathing.
Your life essence is reduced to manifest your ancestor. (-10% HP)


Message History

Edmund is heavily wounded.
The iceblast engulfs the orc.
You kill the orc!
The iceblast engulfs you! You partially resist.
* * * LOW HITPOINT WARNING * * *
You hear an angry hiss.
You hear a shout!
Edmund barely misses you.
A worker ant comes into view.
You take 6 damage, and have 5/52 hp.
Okay, then.
Unknown command.
Evoke which item? (* to show all) (? for menu, Esc to quit)
Aiming: Random Effects
Press: ? - help, Shift-Dir - straight line, f - orc
Aim: an orc The puff of flame hits Edmund.
Edmund is severely wounded.
Edmund hits you with a flail of crushing.
* * * LOW HITPOINT WARNING * * *
You die...

# #.#.##..#
#.##.#...a.#
........#.# #.(..o..#
#...# #...# #..)#
#######..@####.#
.##.#........@.....#
c....................
###.#............)..#
#######...#######
#...# #.#.# #...#
#=..# ###...###


You could see Edmund, a worker ant and an orc.

Vanquished Creatures
  A water moccasin (D:5)
  A wight (D:6)
  An orc priest (D:2)
  2 orc wizards (D:2)
  A worker ant (D:5)
  A worker ant zombie (D:5)
  7 adders
  8 gnolls
  9 dart slugs
  2 worms (D:3)
  14 orcs
  7 bats
  3 giant cockroaches
  11 goblins
  5 hobgoblins
  15 jackals
  4 quokkas
  A ball python (D:2)
  4 frilled lizards
  A giant cockroach zombie (D:5)
  10 kobolds
  A quokka skeleton (D:4)
  8 rats
117 creatures vanquished.

Vanquished Creatures (collateral kills)
  An adder (D:4)
  An ooze (D:3)
  A worm (D:3)
  A dart slug (D:4)
  2 orcs (D:3)
  A hobgoblin (D:3)
7 creatures vanquished.

Vanquished Creatures (others)
  2 ancestors (D:5)
2 creatures vanquished.

Grand Total: 126 creatures vanquished

Notes
Turn   | Place    | Note
-------+----------+-------------------------------------------
     0 | D:1      | taran the Ghoul Ice Elementalist began the quest for the Orb.
     0 | D:1      | Reached XP level 1. HP: 14/14 MP: 2/2
    76 | D:1      | Reached XP level 2. HP: 12/22 MP: 1/3
   102 | D:1      | Reached skill level 1 in Fighting
   105 | D:1      | Reached skill level 1 in Unarmed Combat
   249 | D:1      | Reached XP level 3. HP: 15/28 MP: 2/4
   737 | D:2      | Reached XP level 4. HP: 30/36 MP: 5/5
  1136 | D:2      | Found a sacrificial altar of Ru.
  1384 | D:2      | Reached skill level 1 in Armour
  1384 | D:2      | Reached XP level 5. HP: 17/42 MP: 3/6
  1516 | D:2      | Learned a level 2 spell: Throw Frost
  1798 | D:3      | Found a hazy altar of Hepliaklqana.
  1806 | D:3      | Became a worshipper of Hepliaklqana the Forgotten
  1936 | D:3      | Reached XP level 6. HP: 45/45 MP: 7/7
  1941 | D:3      | Reached skill level 1 in Conjurations
  2146 | D:3      | Noticed a moth of wrath
  2149 | D:3      | Found a bloodstained altar of Trog.
  2665 | D:4      | Found a burning altar of Makhleb.
  2725 | D:4      | Reached * piety under Hepliaklqana
  2737 | D:4      | Found a radiant altar of Vehumet.
  2745 | D:4      | Found an iron altar of Okawaru.
  2816 | D:4      | Found an opulent altar of Gozag.
  2826 | D:4      | Noticed Scuka's ghost (novice BaFi)
  2947 | D:4      | Found a snail-covered altar of Cheibriados.
  3190 | D:5      | Entered Level 5 of the Dungeon
  3467 | D:5      | Found Rolyf's Gadget Shoppe.
  3502 | D:5      | Noticed a water moccasin
  3520 | D:5      | Killed a water moccasin
  3520 | D:5      | Reached skill level 5 in Ice Magic
  3520 | D:5      | Reached XP level 7. HP: 51/51 MP: 3/9
  3608 | D:5      | Found a glowing silver altar of Zin.
  3628 | D:5      | You fall through a shaft for 2 floors!
  3675 | D:6      | Noticed Edmund
  3723 | D:6      | Reached skill level 5 in Unarmed Combat
  3782 | D:6      | HP: 1/52 [Edmund/flail of crushing (4)]
  3782 | D:6      | Slain by Edmund

Skill      XL: |  1  2  3  4  5  6  7 |
---------------+----------------------+-----
Fighting       | 1 2 3 |  3.7
Unarmed Combat | 1 2 3 4 5 |  5.0
Ice Magic      | 4 5 |  5.0
Armour         | 1 2 |  2.2
Conjurations   | 1 |  1.0
Spellcasting   | 2 |  2.0
Dodging        | |  1.7
Stealth        | |  2.1

Action                   |  1- 3 |  4- 6 |  7- 9 || total
-------------------------+-------+-------+-------++-------
Melee: Unarmed           |   106 |   184 |    79 ||   369
 Fire: Hunting sling     |       |    39 |     4 ||    43
Throw: Stone             |       |     6 |       ||     6
 Cast: Freeze            |    24 |    34 |     4 ||    62
       Throw Frost       |       |     3 |       ||     3
Invok: Ancestor Identity |       |     1 |       ||     1
Evoke: Wand              |       |     6 |     2 ||     8
  Use: Potion            |       |     1 |       ||     1
       Scroll            |       |     5 |       ||     5
 Stab: Distracted        |       |     3 |       ||     3
       Sleeping          |       |     1 |       ||     1
  Eat: Chunk             |    15 |    28 |     5 ||    48
Armor: Robe              |    20 |    75 |       ||    95
       Ring mail         |       |     9 |    37 ||    46
Dodge: Dodged            |    70 |   120 |    48 ||   238
